[Event "IIFL Wealth 4th Mumbai Open"]
[Site "Mumbai"]
[Date "2018.12.31"]
[Round "2"]
[White "Raghav, Srivathsav V"]
[Black "Aditya, Ramanathan"]
[Result "0-1"]
[ECO "A01"]
[WhiteElo "2056"]
[BlackElo "1493"]
[Annotator "NA"]
[PlyCount "112"]
[EventDate "2018.12.30"]
[EventType "swiss"]
[EventCountry "IND"]
[SourceTitle "playchess.com"]
[Source "ChessBase"]
[SourceQuality "1"]
[TimeControl "40/5400+30:1800+30"]

1. b3 Nf6 2. Bb2 g6 3. e4 Bg7 4. g3 O-O 5. Bg2 d6 6. Ne2 c5 7. O-O Nc6 8. Nbc3 e6 9. f4 a6 10. h3 d5 11. e5 Nd7 12. a4 f5 13. exf6 Nxf6 14. Ba3 d4 15. Ne4 Nxe4 16. Bxe4 d3 17. Bxd3 Bxa1 18. Qxa1 b6 19. Be4 Bb7 20. d3 Qd7 21. Bb2 Nb4 22. Bxb7 Qxb7 23. Qe1 e5 24. Qd2 Qd7 25. Bxe5 Qxh3 26. Rf2 Rae8 27. Rg2 Nc6 28. Bb2 Qg4 29. b4 cxb4 30. d4 Qf3 31. d5 Rd8 32. c4 bxc3 33. Nxc3 Ne7 34. Qd4 Nf5 35. Qxb6 Ne3 36. Qe6+ Rf7 37. Re2 Qxg3+ 38. Kh1 Qf3+ 39. Kg1 Qf1+ 40. Kh2 Qxf4+ 41. Kg1 Qg5+ 42. Kh1 Nxd5 43. Ne4 Qh4+ 44. Kg1 Nf4 45. Nf6+ Qxf6 46. Bxf6 Nxe6 47. Rxe6 Rd2 48. Bg5 Ra2 49. Rxa6 Rb7 50. Rf6 Rb1+ 51. Rf1 Rxf1+ 52. Kxf1 Rxa4 53. Ke2 Kg7 54. Kf3 h6 55. Be3 g5 56. Kg2 Kg6 0-1

[Event "IIFL Wealth 4th Mumbai Open"]
[Site "Mumbai"]
[Date "2018.12.31"]
[Round "2"]
[White "Samrat, Ghorai"]
[Black "Shravan, Swaminathan"]
[Result "1-0"]
[ECO "B10"]
[WhiteElo "1984"]
[BlackElo "1488"]
[Annotator "NA"]
[PlyCount "57"]
[EventDate "2018.12.30"]
[EventType "swiss"]
[EventCountry "IND"]
[SourceTitle "playchess.com"]
[Source "ChessBase"]
[SourceQuality "1"]
[TimeControl "40/5400+30:1800+30"]

1. e4 c6 2. Nc3 d5 3. Nf3 d4 4. Ne2 c5 5. c3 dxc3 6. bxc3 Nf6 7. Ng3 e6 8. Bc4 Be7 9. O-O O-O 10. d4 cxd4 11. cxd4 b6 12. Qe2 Bb7 13. Rd1 Nbd7 14. Bb2 Rc8 15. Rac1 Rc7 16. Bb3 Rxc1 17. Bxc1 Qa8 18. Nd2 Nb8 19. d5 exd5 20. e5 Ne4 21. Ndxe4 dxe4 22. Nf5 Nc6 23. Rd7 Re8 24. Qg4 g6 25. Nh6+ Kg7 26. Qf4 Rf8 27. Rxe7 Rd8 28. Qxf7+ Kh8 29. Qg7# 1-0

[Event "IIFL Wealth 4th Mumbai Open"]
[Site "Mumbai"]
[Date "2018.12.31"]
[Round "2"]
[White "Kothari, Swapnil"]
[Black "Gupta, R K"]
[Result "1-0"]
[ECO "A43"]
[WhiteElo "1870"]
[BlackElo "1480"]
[Annotator "NA"]
[PlyCount "81"]
[EventDate "2018.12.30"]
[EventType "swiss"]
[EventCountry "IND"]
[SourceTitle "playchess.com"]
[Source "ChessBase"]
[SourceQuality "1"]
[TimeControl "40/5400+30:1800+30"]

1. d4 c5 2. dxc5 e6 3. c4 Bxc5 4. Nc3 Nf6 5. Nf3 h6 6. e3 Nc6 7. Be2 d5 8. O-O a6 9. a3 dxc4 10. Qa4 O-O 11. Qxc4 Qe7 12. b4 Bd6 13. Bb2 Ne5 14. Qb3 Bd7 15. b5 Rab8 16. Rfd1 Nxf3+ 17. Bxf3 e5 18. Nd5 Nxd5 19. Qxd5 e4 20. Qxd6 Qg5 21. Qxd7 exf3 22. Qh3 Qxb5 23. Rab1 Rbd8 24. Bd4 Qa4 25. Qxf3 b5 26. Rdc1 Rd6 27. h4 Rg6 28. Qf5 Qa5 29. Rc2 Qd8 30. g3 Re8 31. Rbc1 Rge6 32. Rc7 f6 33. Qg4 R6e7 34. Rc8 Qd5 35. Bxf6 h5 36. Rxe8+ Kh7 37. Rxe7 hxg4 38. Rxg7+ Kh6 39. Rc8 Qd1+ 40. Kh2 Qd8 41. Rc1 1-0

[Event "IIFL Wealth 4th Mumbai Open"]
[Site "Mumbai"]
[Date "2018.12.31"]
[Round "2"]
[White "Krishnan, Ritvik"]
[Black "Yuti, Mayur Patel"]
[Result "1/2-1/2"]
[ECO "C50"]
[WhiteElo "1812"]
[BlackElo "1476"]
[Annotator "NA"]
[PlyCount "93"]
[EventDate "2018.12.30"]
[EventType "swiss"]
[EventCountry "IND"]
[SourceTitle "playchess.com"]
[Source "ChessBase"]
[SourceQuality "1"]
[TimeControl "40/5400+30:1800+30"]

1. e4 e5 2. Bc4 Nf6 3. d3 Bc5 4. Nf3 Nc6 5. c3 d6 6. Bb3 O-O 7. Bg5 Be6 8. h3 h6 9. Bh4 Bxb3 10. axb3 Qe7 11. Nbd2 Qe6 12. Nh2 Ne7 13. g4 Ng6 14. Bg3 d5 15. h4 dxe4 16. dxe4 Rad8 17. Qe2 Nh7 18. O-O-O Be7 19. Nhf1 Nf4 20. Bxf4 exf4 21. Qf3 Qd6 22. g5 hxg5 23. hxg5 Bxg5 24. Nh2 Qd3 25. Qg2 Rd6 26. Nhf3 Ra6 27. Nb1 Qxe4 28. Rxh7 Qxh7 29. Qxg5 Qh6 30. Qe5 Rd6 31. Rg1 Rfd8 32. Nbd2 Qf6 33. Qh5 Qh6 34. Qf5 Rd5 35. Qc2 Qa6 36. c4 Rd3 37. Kb1 Qd6 38. c5 Qd5 39. Rg5 Qe6 40. Re5 Qf6 41. Re1 g6 42. Ne4 Qe6 43. Ned2 Qd5 44. Re5 Qc6 45. Rg5 Rxf3 46. Nxf3 Qxf3 47. Rxg6+ 1/2-1/2

[Event "IIFL Wealth 4th Mumbai Open"]
[Site "Mumbai"]
[Date "2018.12.31"]
[Round "2"]
[White "Tanuj, Dayal"]
[Black "Adireddy, Arjun"]
[Result "1-0"]
[ECO "C70"]
[WhiteElo "1803"]
[BlackElo "1468"]
[Annotator "NA"]
[PlyCount "111"]
[EventDate "2018.12.30"]
[EventType "swiss"]
[EventCountry "IND"]
[SourceTitle "playchess.com"]
[Source "ChessBase"]
[SourceQuality "1"]
[TimeControl "40/5400+30:1800+30"]

1. e4 e5 2. Nf3 Nc6 3. Bb5 a6 4. Ba4 g6 5. O-O Bg7 6. c3 Nge7 7. d4 exd4 8. cxd4 d5 9. e5 O-O 10. h3 f6 11. Re1 fxe5 12. dxe5 Bf5 13. Bg5 b5 14. Bb3 h6 15. Bxe7 Nxe7 16. Nc3 c6 17. Nd4 Kh7 18. Nf3 Kg8 19. Nd4 Kh7 20. Rc1 Qd7 21. Ra1 Qd8 22. Rc1 Qd7 23. e6 Qd6 24. Bc2 Qd8 25. Bb3 Qd6 26. Bc2 Qd8 27. Bb3 Qd6 28. Bc2 Bxc2 29. Rxc2 c5 30. Nf3 Rad8 31. Nd4 Ra8 32. Nf3 Rad8 33. Rd2 Ra8 34. Rc2 Rad8 35. Rd2 Qc6 36. Rc2 Qd6 37. Rd2 Qc6 38. Ne5 Qxe6 39. Nxg6 Qxg6 40. Rxe7 d4 41. Ne4 Rf7 42. Rxf7 Qxf7 43. Nxc5 Qxa2 44. b3 Qa3 45. Ne6 Qa2 46. Nc5 Qa3 47. Ne6 Re8 48. Nc5 Rd8 49. Ne6 Re8 50. Nxg7 Kxg7 51. Rxd4 Qc5 52. Rg4+ Kh8 53. Qd2 Qc6 54. Qd1 Qc5 55. Qd2 Qc6 56. Qd4+ 1-0

[Event "IIFL Wealth 4th Mumbai Open"]
[Site "Mumbai"]
[Date "2018.12.31"]
[Round "2"]
[White "Abhinessh, S."]
[Black "Varshita, Jain"]
[Result "1-0"]
[ECO "C24"]
[WhiteElo "1790"]
[BlackElo "1461"]
[Annotator "NA"]
[PlyCount "177"]
[EventDate "2018.12.30"]
[EventType "swiss"]
[EventCountry "IND"]
[SourceTitle "playchess.com"]
[Source "ChessBase"]
[SourceQuality "1"]
[TimeControl "40/5400+30:1800+30"]

1. e4 e5 2. Bc4 Nf6 3. d3 Bc5 4. Nc3 h6 5. f4 d6 6. Nf3 a6 7. Qe2 Nc6 8. Qd1 Nb8 9. Qe2 Nc6 10. Be3 Nb8 11. Bc1 Nc6 12. Be3 Nd4 13. Bxd4 exd4 14. Nd5 O-O 15. O-O c6 16. Nxf6+ Qxf6 17. Qd2 Qd8 18. Qe2 Qf6 19. Qd2 Qd8 20. Qe2 Qf6 21. Qd2 Qd8 22. Qe2 Qf6 23. Qd2 Qd8 24. Qe2 Qf6 25. Qd2 Qd8 26. Qe2 Qf6 27. Qd2 a5 28. a3 b5 29. Ba2 Bb6 30. Bc4 Bc5 31. Ba2 Bb6 32. Bc4 Bc5 33. Ba2 Bb6 34. Bc4 Bc5 35. Ba2 Bb6 36. Kh1 Bc5 37. Kg1 Bb6 38. Kh1 c5 39. Bd5 Rb8 40. Ba2 Ra8 41. Bd5 Rb8 42. Ba2 Ra8 43. Bd5 Rb8 44. Ba2 Ra8 45. Bd5 Rb8 46. Rae1 Bb7 47. Bxb7 Rxb7 48. Ra1 Rbb8 49. Rae1 Rb7 50. e5 Qe7 51. f5 dxe5 52. Nxe5 Qf6 53. Nf3 Qe7 54. Ne5 Qf6 55. Qe2 Qe7 56. Qd2 Qf6 57. Qe2 Qe7 58. Qd2 Qf6 59. Qe2 Bc7 60. Qd2 Bb6 61. Qe2 Bc7 62. Qd2 Bb6 63. Qe2 Bc7 64. Qd2 Bb6 65. Qe2 Bc7 66. Qd2 Bb6 67. Qe2 Bc7 68. Qd2 Bb6 69. Qe2 Bc7 70. Ng4 Qh4 71. Qf3 Qf6 72. Qe2 Qh4 73. Qf3 Qf6 74. Qe2 Qh4 75. Qf3 h5 76. Qxb7 Bg3 77. Re4 Bc7 78. Ree1 Bg3 79. Re4 hxg4 80. h3 Bb8 81. Rxg4 Bg3 82. Re4 Bb8 83. Rg4 Bg3 84. Re4 Bb8 85. Rg4 Qf6 86. Qd5 Qh4 87. Qb7 Qf6 88. Qd5 g6 89. Rxg6+ 1-0

[Event "IIFL Wealth 4th Mumbai Open"]
[Site "Mumbai"]
[Date "2018.12.31"]
[Round "2"]
[White "Bhagyashree, Patil"]
[Black "Golvankar, Dilip K"]
[Result "*"]
[ECO "B07"]
[WhiteElo "1758"]
[BlackElo "1456"]
[Annotator "NA"]
[PlyCount "147"]
[EventDate "2018.12.30"]
[EventType "swiss"]
[EventCountry "IND"]
[SourceTitle "playchess.com"]
[Source "ChessBase"]
[SourceQuality "1"]
[TimeControl "40/5400+30:1800+30"]

1. e4 d6 2. d4 Nf6 3. Nc3 Nbd7 4. f4 c5 5. d5 g6 6. Nf3 Qc7 7. Qe2 Qd8 8. Qd1 Qc7 9. Qe2 Nb6 10. Nb5 Qb8 11. c4 a6 12. Nc3 Bg4 13. h3 Bxf3 14. Qxf3 Bg7 15. g4 Qc7 16. Be2 O-O-O 17. Be3 e6 18. Bd3 exd5 19. exd5 Rhe8 20. O-O-O Re7 21. Bd2 Rde8 22. h4 h5 23. g5 Ng4 24. f5 Bxc3 25. Bxc3 Ne3 26. Bd2 Ng4 27. Bc3 Ne3 28. fxg6 fxg6 29. Bxg6 Nxd1 30. Rxd1 Nxc4 31. Bxe8 Rxe8 32. Qxh5 Qd7 33. g6 Ne5 34. Bxe5 Rxe5 35. Qh8+ Re8 36. Qh5 Re5 37. Qh8+ Re8 38. g7 Qd8 39. Qh7 Rg8 40. Rf1 Kc7 41. Rd1 Kc8 42. Rf1 Kc7 43. Rd1 Kc8 44. Rf1 Kc7 45. h5 Qg5+ 46. Kb1 Rxg7 47. Qf5 Qd2 48. Qf6 Qg5 49. Qf5 Qd2 50. Qf6 Rg2 51. Qf5 Rg7 52. Qf6 Rg2 53. Qf5 Rg7 54. Qf6 Rg2 55. Qf5 Rg7 56. Qf6 Rg2 57. Qe7+ Kb6 58. Qxd6+ Kb5 59. Qf6 {[%emt 0:00:00] Kb6 [%clk 1:04:02] Qd6+ [%clk 0:43:06] Kb5 [%clk 1:04:02] Qf6 [%clk 0:18:53] Kb6 [%clk 1:04:02] Qd6+ [%clk 0:43:06] Kb5 [%clk 1:27:52] Qf6 [%clk 0:18:53] Kb6 [%clk 1:04:02] Qd6+ [%clk 0:43:06] Kb5 [%clk 1:04:02] Qf6 [%clk 0:37:04]} Qd3+ 60. Ka1 Qxd5 61. Rc1 Rh2 62. Rf1 Rg2 63. Rc1 Rh2 64. h6 Qd4 65. Qf1+ Kb6 66. Rb1 Rxh6 67. Rd1 Rf6 68. Qe1 Qf2 69. Qe7 Ka7 70. Qe1 Kb6 71. Qe7 Ka7 72. a3 Rb6 73. Qe5 Qf6 74. Qe2 *

[Event "IIFL Wealth 4th Mumbai Open"]
[Site "Mumbai"]
[Date "2018.12.31"]
[Round "2"]
[White "Shivasubramanian, R."]
[Black "Laddha, Yash Jayesh"]
[Result "1-0"]
[ECO "A45"]
[WhiteElo "1738"]
[BlackElo "1449"]
[Annotator "NA"]
[PlyCount "107"]
[EventDate "2018.12.30"]
[EventType "swiss"]
[EventCountry "IND"]
[SourceTitle "playchess.com"]
[Source "ChessBase"]
[SourceQuality "1"]
[TimeControl "40/5400+30:1800+30"]

1. d4 Nf6 2. Bf4 e6 3. Nf3 c5 4. e3 d5 5. c3 Nc6 6. Nbd2 Bd6 7. Bg3 O-O 8. Bd3 Qe7 9. Ne5 Bd7 10. f4 c4 11. Bb1 Qd8 12. O-O h6 13. Bh4 Be7 14. Qc2 Ne4 15. Bxe7 Qxe7 16. Nxe4 dxe4 17. Qxe4 f5 18. Qf3 Nxe5 19. fxe5 Bc6 20. Qg3 Qe8 21. Bc2 g5 22. Bd1 Qg6 23. Bf3 Bxf3 24. Qxf3 Rf7 25. Qe2 Rc8 26. Rad1 Rd7 27. g4 b5 28. gxf5 exf5 29. Qf3 Rf7 30. Qd5 a6 31. Rd2 Re8 32. Rdf2 Kg7 33. Qf3 f4 34. exf4 Rxf4 35. Qxf4 gxf4+ 36. Rg2 Rf8 37. Rxg6+ Kxg6 38. Kg2 Kf5 39. Kf3 Rg8 40. Re1 Re8 41. e6 Rxe6 42. Rxe6 Kxe6 43. Kxf4 Kd5 44. h4 a5 45. h5 b4 46. a3 b3 47. Kf5 a4 48. Kf4 Ke6 49. Ke4 Kf6 50. d5 Ke7 51. Kd4 Kd6 52. Kxc4 Kd7 53. Kb5 Kd6 54. c4 {Kxd5} 1-0

[Event "IIFL Wealth 4th Mumbai Open"]
[Site "Mumbai"]
[Date "2018.12.31"]
[Round "2"]
[White "Sawant, Akshay"]
[Black "Kriti, Mayur Patel"]
[Result "1-0"]
[ECO "C22"]
[WhiteElo "1716"]
[BlackElo "1439"]
[Annotator "NA"]
[PlyCount "59"]
[EventDate "2018.12.30"]
[EventType "swiss"]
[EventCountry "IND"]
[SourceTitle "playchess.com"]
[Source "ChessBase"]
[SourceQuality "1"]
[TimeControl "40/5400+30:1800+30"]

1. e4 e5 2. d4 exd4 3. Qxd4 Nc6 4. Qe3 d6 5. Nc3 Be6 6. f4 Nf6 7. Bb5 Be7 8. Nf3 O-O 9. f5 Bd7 10. Bd2 Re8 11. O-O-O Bf8 12. Qf4 a6 13. Bd3 b5 14. g4 h6 15. h4 Nh7 16. g5 Kh8 17. gxh6 gxh6 18. Rdg1 Bg7 19. Rxg7 Qf6 20. Rg2 h5 21. Nd5 Qd8 22. Qh6 Rg8 23. Rhg1 Rxg2 24. Rxg2 Qf8 25. Qxh5 f6 26. Bh6 Qb8 27. Bg7+ Kg8 28. Bxf6+ Kf8 29. Qxh7 Bc8 30. Rg8# 1-0

[Event "IIFL Wealth 4th Mumbai Open"]
[Site "Mumbai"]
[Date "2018.12.31"]
[Round "2"]
[White "Deepak, Rai"]
[Black "Dande, Vyankatesh S"]
[Result "1-0"]
[ECO "D00"]
[WhiteElo "1710"]
[BlackElo "1418"]
[Annotator "NA"]
[PlyCount "55"]
[EventDate "2018.12.30"]
[EventType "swiss"]
[EventCountry "IND"]
[SourceTitle "playchess.com"]
[Source "ChessBase"]
[SourceQuality "1"]
[TimeControl "40/5400+30:1800+30"]

1. d4 d5 2. Bf4 Nf6 3. e3 Bf5 4. c4 e6 5. Nc3 c5 6. Qb3 cxd4 7. exd4 Nc6 8. Nf3 dxc4 9. Bxc4 Bb4 10. O-O O-O 11. Rad1 Bg4 12. d5 exd5 13. Nxd5 Nxd5 14. Rxd5 Qb6 15. Rb5 Qd8 16. Rxb4 Nxb4 17. Qxb4 Be6 18. Bxe6 fxe6 19. Re1 Qd5 20. Bg3 Rac8 21. a3 Rc4 22. Qe7 Rc6 23. h3 Rb6 24. Ng5 Rxb2 25. Be5 Rf6 26. Bxf6 gxf6 27. Qf7+ Kh8 28. Qxh7# 1-0

[Event "IIFL Wealth 4th Mumbai Open"]
[Site "Mumbai"]
[Date "2018.12.31"]
[Round "2"]
[White "Joglekar, Abhijit"]
[Black "Swara, Lakshmi S Nair"]
[Result "1-0"]
[ECO "B92"]
[WhiteElo "1692"]
[BlackElo "1415"]
[Annotator "NA"]
[PlyCount "95"]
[EventDate "2018.12.30"]
[EventType "swiss"]
[EventCountry "IND"]
[SourceTitle "playchess.com"]
[Source "ChessBase"]
[SourceQuality "1"]
[TimeControl "40/5400+30:1800+30"]

1. e4 c5 2. Nf3 d6 3. d4 cxd4 4. Nxd4 Nf6 5. Nc3 a6 6. Be2 e5 7. Nb3 Be7 8. Be3 Be6 9. f3 Nbd7 10. Qd2 Qc7 11. Rd1 b5 12. a3 Rc8 13. O-O O-O 14. g4 Rfd8 15. Qe1 Nb6 16. g5 Nfd7 17. Qg3 Nc4 18. Bxc4 Bxc4 19. Rf2 Be6 20. h4 Nb6 21. f4 Bf8 22. f5 Bc4 23. g6 Kh8 24. gxh7 f6 25. Nd2 Bf7 26. Nf3 Nc4 27. Bc1 Nxa3 28. Kh2 b4 29. Rg1 bxc3 30. bxa3 Rd7 31. Rfg2 Ba2 32. h5 d5 33. h6 dxe4 34. Nh4 Kxh7 35. Qg6+ Kh8 36. hxg7+ Bxg7 37. Qh5+ Kg8 38. Bh6 Kf8 39. Bxg7+ Rxg7 40. Qh8+ Rg8 41. Rxg8+ Bxg8 42. Rxg8+ Ke7 43. Rxc8 Qd6 44. Qf8+ Kd7 45. Rd8+ Kc7 46. Qxd6+ Kb7 47. Rd7+ Ka8 48. Qf8# 1-0

[Event "IIFL Wealth 4th Mumbai Open"]
[Site "Mumbai"]
[Date "2018.12.31"]
[Round "2"]
[White "Mishra, Sanjeev"]
[Black "Sancheria, Vishal"]
[Result "1/2-1/2"]
[ECO "B14"]
[WhiteElo "1662"]
[BlackElo "1414"]
[Annotator "NA"]
[PlyCount "126"]
[EventDate "2018.12.30"]
[EventType "swiss"]
[EventCountry "IND"]
[SourceTitle "playchess.com"]
[Source "ChessBase"]
[SourceQuality "1"]
[TimeControl "40/5400+30:1800+30"]

1. e4 c6 2. d4 d5 3. exd5 cxd5 4. c4 Nf6 5. Nc3 g6 6. Nf3 Bg7 7. cxd5 Nxd5 8. Bb5+ Bd7 9. Qb3 Nxc3 10. Bxd7+ Qxd7 11. bxc3 O-O 12. O-O Nc6 13. Rb1 b6 14. Qa4 Ne5 15. Qxd7 Nxd7 16. Re1 Rfe8 17. Bf4 Rac8 18. Rb3 e6 19. Ra3 Nf6 20. Be5 Re7 21. Bxf6 Bxf6 22. Ne5 Bxe5 23. Rxe5 Rc4 24. Kf1 Rec7 25. Re3 b5 26. Ra5 Rxc3 27. Rxc3 Rxc3 28. Rxa7 Rc4 29. Ra5 b4 30. d5 exd5 31. Rxd5 Rc1+ 32. Ke2 Rc3 33. Rd3 Rc2+ 34. Rd2 Rc3 35. Kd1 Ra3 36. Rb2 Rd3+ 37. Kc2 Rc3+ 38. Kb1 Rc4 39. Rc2 Rh4 40. h3 Kf8 41. Kb2 Ke7 42. Kb3 Rd4 43. Rc4 Rd2 44. Rxb4 Rxf2 45. Rg4 h5 46. Rg3 Kd6 47. Rd3+ Kc5 48. Rc3+ Kb6 49. Rc2 Rf5 50. Rc3 h4 51. Rf3 Rg5 52. Rf6+ Ka5 53. Rf2 Rb5+ 54. Kc4 f5 55. Rf3 Re5 56. Ra3+ Kb6 57. Rd3 g5 58. Rd6+ Kc7 59. Rg6 g4 60. hxg4 Re4+ 61. Kd3 Rxg4 62. Rxg4 fxg4 63. Ke3 h3 1/2-1/2

[Event "IIFL Wealth 4th Mumbai Open"]
[Site "Mumbai"]
[Date "2018.12.31"]
[Round "2"]
[White "Mokashi, Rohit"]
[Black "Sangoi, Hriday"]
[Result "1-0"]
[ECO "E12"]
[WhiteElo "1641"]
[BlackElo "1401"]
[Annotator "NA"]
[PlyCount "117"]
[EventDate "2018.12.30"]
[EventType "swiss"]
[EventCountry "IND"]
[SourceTitle "playchess.com"]
[Source "ChessBase"]
[SourceQuality "1"]
[TimeControl "40/5400+30:1800+30"]

1. d4 Nf6 2. Nf3 e6 3. c4 b6 4. a3 Bb7 5. Nc3 d5 6. Bf4 Bd6 7. Bg3 O-O 8. e3 c5 9. cxd5 exd5 10. Be2 Nc6 11. O-O Bxg3 12. hxg3 cxd4 13. Nxd4 Nxd4 14. Qxd4 Ne4 15. Rac1 Nc5 16. Rcd1 Ne6 17. Qe5 Qc7 18. Qf5 g6 19. Qf6 Rad8 20. Bf3 Qc5 21. Rd2 Nc7 22. Rfd1 Rd6 23. Qh4 Rfd8 24. Ne2 Ne6 25. Nd4 Nxd4 26. Rxd4 a5 27. Qh6 f5 28. Qf4 R6d7 29. g4 Rf7 30. gxf5 Rxf5 31. Qh4 Rdf8 32. Qg3 Qc2 33. R4d2 Qc5 34. Qh4 b5 35. b4 axb4 36. axb4 Qc4 37. Rd4 Qb3 38. Qe7 R8f7 39. Qc5 Qa4 40. Qc3 Qa8 41. Qc5 Qa4 42. Qc3 Qa8 43. e4 Rg5 44. exd5 Qa2 45. Qe3 h6 46. Kf1 Qa8 47. Qd3 Rgf5 48. Kg1 Rg5 49. Rg4 Qd8 50. Rxg5 Qxg5 51. Qxb5 h5 52. Qe8+ Kg7 53. Qe3 Qh4 54. Qd4+ Qxd4 55. Rd2 Qd3 56. Rxd3 Rd7 57. Rd4 Kf6 58. Kh2 Kf5 59. Kg3 1-0

[Event "IIFL Wealth 4th Mumbai Open"]
[Site "Mumbai"]
[Date "2018.12.31"]
[Round "2"]
[White "Arjun, Sidharth S"]
[Black "Sa, Kannan"]
[Result "1/2-1/2"]
[ECO "D04"]
[WhiteElo "1489"]
[BlackElo "2069"]
[Annotator "NA"]
[PlyCount "75"]
[EventDate "2018.12.30"]
[EventType "swiss"]
[EventCountry "IND"]
[SourceTitle "playchess.com"]
[Source "ChessBase"]
[SourceQuality "1"]
[TimeControl "40/5400+30:1800+30"]

1. d4 d5 2. Nf3 Nf6 3. e3 Bg4 4. c4 c6 5. Nc3 e6 6. Bd3 Nbd7 7. O-O Bd6 8. b3 Qb8 9. h3 h5 10. Bb2 Bh2+ 11. Kh1 g5 12. e4 dxe4 13. Nxe4 Nxe4 14. Bxe4 Qf4 15. d5 Qxe4 16. Bxh8 Bxf3 17. Qxf3 Qxf3 18. gxf3 Bf4 19. dxc6 bxc6 20. Bc3 c5 21. Rfd1 Ne5 22. Bxe5 Bxe5 23. Rab1 a5 24. Kg2 h4 25. Kf1 Ke7 26. Ke2 Rb8 27. Kd3 Rd8+ 28. Kc2 Bd4 29. Rd2 e5 30. a3 Ra8 31. b4 axb4 32. axb4 cxb4 33. Rxb4 Ra3 34. Rb3 Ra1 35. Rb1 Ra3 36. Rb3 Ra1 37. Rb1 Ra3 38. Rb3 1/2-1/2

[Event "IIFL Wealth 4th Mumbai Open"]
[Site "Mumbai"]
[Date "2018.12.31"]
[Round "2"]
[White "Kamble, Dipankar"]
[Black "Vahdatian, Davood"]
[Result "0-1"]
[ECO "C15"]
[WhiteElo "1487"]
[BlackElo "2036"]
[Annotator "NA"]
[PlyCount "59"]
[EventDate "2018.12.30"]
[EventType "swiss"]
[EventCountry "IND"]
[SourceTitle "playchess.com"]
[Source "ChessBase"]
[SourceQuality "1"]
[TimeControl "40/5400+30:1800+30"]

1. e4 e6 2. d4 d5 3. Nc3 Bb4 4. exd5 exd5 5. a3 Be7 6. Bd3 Nc6 7. Nge2 Bf6 8. Bf4 a6 9. Qd2 Be6 10. Be3 Nge7 11. O-O Qd7 12. Rfe1 O-O 13. Bg5 Bxg5 14. Qxg5 Rae8 15. Rad1 Nf5 16. Nxd5 f6 17. Qf4 Qxd5 18. c4 Qd6 19. Qxd6 Nxd6 20. d5 Ne5 21. Bxh7+ Kxh7 22. dxe6 Nexc4 23. Nf4 Nb6 24. Rd3 g5 25. Rh3+ Kg7 26. Rg3 Nf5 27. Rg4 Re7 28. Nd3 Rfe8 29. Nc5 Nd7 30. Rge4 0-1

[Event "IIFL Wealth 4th Mumbai Open"]
[Site "Mumbai"]
[Date "2018.12.31"]
[Round "2"]
[White "Borade, Yash"]
[Black "Thatte, Ashish P"]
[Result "0-1"]
[ECO "C05"]
[WhiteElo "1478"]
[BlackElo "1957"]
[Annotator "NA"]
[PlyCount "96"]
[EventDate "2018.12.30"]
[EventType "swiss"]
[EventCountry "IND"]
[SourceTitle "playchess.com"]
[Source "ChessBase"]
[SourceQuality "1"]
[TimeControl "40/5400+30:1800+30"]

1. e4 e6 2. d4 d5 3. Nd2 Nf6 4. e5 Nfd7 5. Bd3 c5 6. c3 Nc6 7. Ngf3 Be7 8. O-O O-O 9. a3 f6 10. exf6 Nxf6 11. Ne5 cxd4 12. Nxc6 bxc6 13. cxd4 c5 14. dxc5 Bxc5 15. Nf3 Qb6 16. Qe2 Ne4 17. b4 Bxf2+ 18. Rxf2 Qxf2+ 19. Qxf2 Nxf2 20. Kxf2 e5 21. Bb5 Rb8 22. Bc6 Bb7 23. Bxb7 Rxb7 24. Ke1 e4 25. Nd4 Rbf7 26. Bb2 Rf2 27. Ne2 Rxg2 28. Bd4 Rxh2 29. Kd2 Rf3 30. Be5 Rd3+ 31. Ke1 Rh1+ 32. Kf2 Rf3+ 33. Kg2 Rxa1 34. Bxa1 Rxa3 35. Bd4 a6 36. Nc3 Kf7 37. Be5 g5 38. b5 Rxc3 39. Bxc3 axb5 40. Kf2 h5 41. Ke3 Ke6 42. Kd4 h4 43. Be1 h3 44. Bg3 Kf5 45. Kxd5 e3 46. Kd4 e2 47. Ke3 h2 48. Bf4 e1=Q+ 0-1

[Event "IIFL Wealth 4th Mumbai Open"]
[Site "Mumbai"]
[Date "2018.12.31"]
[Round "2"]
[White "Raghu, Ram Reddy Seelam"]
[Black "Aditya, Varun Gampa"]
[Result "0-1"]
[ECO "B49"]
[WhiteElo "1472"]
[BlackElo "1809"]
[Annotator "NA"]
[PlyCount "65"]
[EventDate "2018.12.30"]
[EventType "swiss"]
[EventCountry "IND"]
[SourceTitle "playchess.com"]
[Source "ChessBase"]
[SourceQuality "1"]
[TimeControl "40/5400+30:1800+30"]

1. e4 c5 2. Nf3 e6 3. d4 cxd4 4. Nxd4 Nc6 5. Nc3 Qc7 6. Be3 a6 7. Be2 Nf6 8. O-O Bb4 9. f3 Bxc3 10. bxc3 d5 11. Bd3 e5 12. Nb3 dxe4 13. fxe4 Ng4 14. Qf3 Nxe3 15. Qxe3 O-O 16. Rad1 Be6 17. Rf3 Bg4 18. Rg3 f5 19. Rxg4 fxg4 20. Qg5 Na5 21. Qxg4 Nxb3 22. Qe6+ Kh8 23. Qxb3 Rad8 24. Qa3 Rc8 25. c4 Qc5+ {Qb4 Qb5 Qxb5 Rc7} 26. Qxc5 Rxc5 27. Rb1 Rf7 28. h3 Ra5 29. Rb2 h5 30. g3 Kg8 31. Kg2 Kh8 32. Kg1 Kg8 33. Kg2 0-1

[Event "IIFL Wealth 4th Mumbai Open"]
[Site "Mumbai"]
[Date "2018.12.31"]
[Round "2"]
[White "Bhaskar, N S"]
[Black "Devesh, Anand Naik"]
[Result "0-1"]
[ECO "A05"]
[WhiteElo "1463"]
[BlackElo "1763"]
[Annotator "NA"]
[PlyCount "124"]
[EventDate "2018.12.30"]
[EventType "swiss"]
[EventCountry "IND"]
[SourceTitle "playchess.com"]
[Source "ChessBase"]
[SourceQuality "1"]
[TimeControl "40/5400+30:1800+30"]

1. Nf3 Nf6 2. g3 g6 3. Bg2 Bg7 4. O-O O-O 5. Re1 d5 6. c4 d4 7. e4 c5 8. d3 Nc6 9. e5 Nd7 10. Bf4 Nf6 11. Bc1 Nd7 12. Bf4 f6 13. exf6 Nxf6 14. Bc1 Nd7 15. Bf4 Nf6 16. Ne5 Nd7 17. Nf3 Nf6 18. Ne5 Nxe5 19. Bxe5 Ng4 20. Bxg7 Nxf2 21. Qe2 Kxg7 22. Qxe7+ Qxe7 23. Rxe7+ Kh6 24. Re1 Kg7 25. Re7+ Kh6 26. Nd2 Nxd3 27. b3 Bf5 28. Rxb7 Rae8 29. Re7 Ra8 30. Rb7 Rae8 31. Re7 Ra8 32. Rb7 Rae8 33. Re7 Ra8 34. Rb7 Rae8 35. Bf1 Nf2 36. Bg2 Nd3 37. Bf1 Nf2 38. Bg2 Nd3 39. Bf1 Nf2 40. Bg2 Nd3 41. Bf1 Nf2 42. Bg2 Nd3 43. Bf1 Nf2 44. Bg2 Nd3 45. Bf1 Nf2 46. Bg2 Nd3 47. Bf1 Nf2 48. h4 Nh3+ 49. Kh2 Bc8 {Kg1 Bf5+ Kh2 Bc8 Kg1 Bf5+ Kh2 Bc8 Kg1 Bf5+ Kh2 Bc8 Kg1 Bf5+ Kh2 Bc8} 50. Rc7 Rf2+ 51. Bg2 Rxd2 52. Rxc8 Rxc8 53. Kxh3 Re8 54. Rf1 Ree2 55. Bd5 Rf2 56. Re1 Rde2 57. Rf1 Rd2 58. Re1 Rde2 59. Rd1 Kg7 60. b4 Rh2+ 61. Kg4 h5+ 62. Kg5 Rhf2 {Kg4 Rh2+ Kg5 Rhf2 Kg4 Rh2+ Kg5 Rhf2 Kg4 Rh2+ Kg5 Rhf2} 0-1

[Event "IIFL Wealth 4th Mumbai Open"]
[Site "Mumbai"]
[Date "2018.12.31"]
[Round "2"]
[White "Apoorv, Kamble"]
[Black "Kapadi, Yash"]
[Result "1/2-1/2"]
[ECO "B20"]
[WhiteElo "1458"]
[BlackElo "1749"]
[Annotator "NA"]
[PlyCount "86"]
[EventDate "2018.12.30"]
[EventType "swiss"]
[EventCountry "IND"]
[SourceTitle "playchess.com"]
[Source "ChessBase"]
[SourceQuality "1"]
[TimeControl "40/5400+30:1800+30"]

1. e4 c5 2. b3 e6 3. Bb2 Nf6 4. e5 Nd5 5. c4 Nb6 6. Nc3 Be7 7. Nf3 Nc6 8. Be2 O-O 9. O-O f6 10. Ne4 fxe5 11. Nxe5 Nxe5 12. Bxe5 d5 13. Ng3 Nd7 14. d4 Nxe5 15. dxe5 d4 16. Bd3 Rf7 17. f4 Qf8 18. Qg4 g6 19. h4 Qg7 20. Be4 Rb8 21. Rad1 b5 22. Rd3 bxc4 23. bxc4 Bf8 24. Ne2 Qh6 25. Rh3 Qh5 26. Qxh5 gxh5 27. Rb3 Rb4 28. Rxb4 cxb4 29. Ng3 Ba6 30. Bd3 Be7 31. Nxh5 Bxh4 32. g4 Bd8 33. g5 Rc7 34. Nf6+ Bxf6 35. gxf6 Bb7 36. Kf2 a5 37. Rg1+ Kh8 38. Rg3 Ba6 39. Rg1 Bb7 40. Rg3 Ba6 41. Rg1 Rb7 42. Rh1 Kg8 43. Rg1+ Kh8 1/2-1/2